 Dungeon Crawl Stone Soup version 0.30-a0-1114-gd936c97349 (webtiles) character file.

Game seed: 11602489113687229931

91 cheesebisquit the Trooper (level 4, -4/41 HPs)
             Began as a Draconian Conjurer on Apr 20, 2023.
             Killed by nerve-wracking pain
             ... invoked by Grinder
              (13 damage)
             ... while paralysed by Grinder
             ... on level 3 of the Dungeon.
             The game lasted 00:06:46 (2514 turns).

cheesebisquit the Trooper (Draconian Conjurer)      Turns: 2514, Time: 00:06:47

Health: -4/41      AC:  8    Str: 10    XL:     4   Next: 33%
Magic:  1/7        EV:  2    Int: 20    God:
Gold:   124        SH:  0    Dex: 15    Spells: 6/7 levels left

rFire   . . .      SeeInvis .    c - +1 dagger (elec)
rCold   . . .      Faith    .    (no shield)
rNeg    . . .      Spirit   .    (body armour unavailable)
rPois   +          Reflect  +    (helmet restricted)
rElec   .          Rampage  .    (no cloak)
rCorr   .                        o - +2 pair of gloves
Will    .....                    (no boots)
Stlth   ++                       q - amulet of reflection
HPRegen 0.26/turn                f - ring of poison resistance
MPRegen 0.10/turn                g - +6 ring of dexterity

@: paralysed, mighty, brilliant
A: AC +5, unfitting armour, cold-blooded
a: no special abilities


You were on level 3 of the Dungeon.
You visited 1 branch of the dungeon, and saw 3 of its levels.

You collected 124 gold pieces.

Inventory:

Hand Weapons
 b - a +0 short sword
 c - a +1 dagger of electrocution (weapon)
Missiles
 d - 3 poisoned darts
Armour
 o - a +2 pair of gloves (worn)
Jewellery
 f - a ring of poison resistance (left hand)
 g - a +6 ring of dexterity (right hand)
 q - an amulet of reflection (around neck)
Scrolls
 e - a scroll of poison {unknown}
 h - a scroll of summoning {unknown}
 j - a scroll of teleportation {unknown}
 n - a scroll of blinking {unknown}
Potions
 i - 2 potions of brilliance
 l - a potion of cancellation {unknown}
 m - a potion of flight {unknown}
 p - a potion of heal wounds {unknown}
 r - a potion of mutation {unknown}


   Skills:
 + Level 4.4 Fighting
 - Level 1.7 Dodging
 - Level 1.7 Stealth
 - Level 2.0 Spellcasting
 - Level 4.0 Conjurations


You had 6 spell levels left.
You knew the following spells:

 Your Spells              Type           Power      Damage    Failure   Level
a - Magic Dart            Conj           100%       1d8       3%          1

Your spell library contained the following spells:

 Spells                   Type           Power      Damage    Failure   Level
 Searing Ray              Conj           54%        2d6       4%          2
 Dazzling Flash           Conj/Hex       30%        N/A       21%         3
 Hailstorm                Conj/Ice       15%        3d5       21%         3
 Fulminant Prism          Conj/Hex       7%         3d7       56%         4
 Iskenderun's Mystic Bla  Conj/Tloc      15%        2d5       56%         4
 Ice Form                 Ice/Tmut       3%         N/A       83%         4
 Simulacrum               Ice/Necr       1%         N/A       100%        6


Dungeon Overview and Level Annotations

Branches:
Dungeon (3/15)

Altars:

Annotations:
D:3 Grinder


Innate Abilities, Weirdness & Mutations

Your plain brown scales are hard. (AC +5)
You cannot fit into any form of body armour.
You are cold-blooded and may be slowed by cold attacks.


Message History

You resist with significant effort. You block the bat's attack.
The magic dart hits the bat.
You kill the bat!
The magic dart hits Grinder.
Grinder is moderately wounded.
Grinder barely misses you.
The magic dart hits Grinder.
Grinder is heavily wounded.
Grinder hits you but does no damage.
The magic dart hits Grinder.
Grinder is heavily wounded.
Grinder blinks!
The magic dart hits Grinder.
Grinder is severely wounded.
Grinder gestures at you. Pain shoots through your body!
The magic dart hits Grinder.
Grinder is severely wounded.
Grinder gestures at you.
You suddenly lose the ability to move!
Your magical contamination has completely faded away.
Grinder hits you.
You can move again.
The magic dart hits Grinder but does no damage.
Grinder is severely wounded.
Grinder gestures at you. Pain shoots through your body!
You feel clever all of a sudden. Grinder hits you!
You writhe in agony.
* * * LOW HITPOINT WARNING * * *
You feel very mighty all of a sudden. Grinder barely misses you.
You closely miss Grinder. You tail-slap Grinder!
Grinder is almost dead.
Grinder gestures at you.
You suddenly lose the ability to move!
A frilled lizard comes into view.
Grinder gestures at you. Pain shoots through your body!
You die...

#....[......###...#.# #....
##.....#.####.......# #....
#.>...#.## #.##....# ###....
#.....#..###.##....##........
#.....##....)##...#...###....
#....###.....##.....#####....
#....# ##....##..............
#...†# #....5......####.....
#....####...@######## #.....
##.....#...#........ ...##
#........########..
#.....##.# #...l.#..#
###........# #...........
#.#......... #<[..........


You could see Grinder and a frilled lizard (wandering).

Vanquished Creatures
  3 adders (D:2)
  A worm (D:2)
  An orc (D:3)
  5 ball pythons
  4 endoplasms
  A giant cockroach (D:1)
  8 goblins
  5 hobgoblins
  6 jackals
  A kobold (D:1)
  2 quokkas (D:1)
  8 bats
  3 frilled lizards
  6 rats
54 creatures vanquished.

Notes
Turn   | Place    | Note
-------+----------+-------------------------------------------
     0 | D:1      | cheesebisquit the Draconian Conjurer began the quest for
                  | the Orb.
     0 | D:1      | Reached XP level 1. HP: 14/14 MP: 3/3
    49 | D:1      | Reached skill level 1 in Fighting
   122 | D:1      | Reached XP level 2. HP: 24/24 MP: 0/5
   922 | D:1      | Reached XP level 3. HP: 31/31 MP: 4/6
  1744 | D:2      | Reached XP level 4. HP: 40/40 MP: 1/7
  2002 | D:3      | Noticed Grinder
  2508 | D:3      | Paralysed by Grinder for 2 turns
  2513 | D:3      | Paralysed by Grinder for 5 turns
  2514 | D:3      | Killed from afar by Grinder

Illustrated notes

Levels and vault maps discovered:
D:1:      dpeg_arrival_boxes_within_box, layout_rooms, serial_park_tiny_pond
D:2:      layout_loops_ring
D:3:      layout_rooms, kennysheep_generic_room_10, uniq_grinder

Skill      XL: |  1  2  3 |
---------------+----------+-----
Fighting       | 1 3 4 |  4.4
Dodging        | |  1.7
Stealth        | |  1.7
Spellcasting   | |  2.0
Conjurations   | |  4.0

Action                     |  1- 3 |  4- 6 || total
---------------------------+-------+-------++-------
  Melee: Unarmed           |     5 |       ||     5
         Tailslap          |     2 |     3 ||     5
         Short sword       |     7 |       ||     7
         Dagger            |     6 |    21 ||    27
         Punch             |       |     2 ||     2
   Cast: Magic Dart        |    70 |    44 ||   114
    Use: Potion            |       |     3 ||     3
         Scroll            |       |     2 ||     2
 Armour: Skin              |     9 |    20 ||    29
  Dodge: Dodged            |     9 |    29 ||    38
  Block: Other             |       |     2 ||     2

Table legend: (Time is in decaauts)
 A = Elapsed time spent in this place.
 B = Non-inter-level travel time spent in this place.
 C = Inter-level travel time spent in this place.
 D = Time resting spent in this place.
 E = Time spent auto-exploring this place.
 F = Levels seen in this place.
 G = Mean time per level.
                   A        B        C        D        E       F      G
               +--------+--------+--------+--------+--------+-----+--------+
         Total |   2512 |   2367 |    145 |     42 |   2014 |   3 |  837.3 |
       Dungeon |   2512 |   2367 |    145 |     42 |   2014 |   3 |  837.3 |
               +--------+--------+--------+--------+--------+-----+--------+

Top non-repeatable levels by time:
     D:2: 1101 daAuts
     D:1: 1028 daAuts
     D:3: 382 daAuts
